 Dungeon Crawl Stone Soup version 0.27.0-66-gdc8fb28755 (webtiles) character file.

Game seed: 9129176580700525222

78 Malachi the Grave Robber (level 4, 0/30 HPs)
             Began as a Mummy Necromancer on Aug 20, 2021.
             Slain by Pikel (4 damage)
             ... on level 3 of the Dungeon.
             The game lasted 00:06:51 (3503 turns).

Malachi the Grave Robber (Mummy Necromancer)        Turns: 3503, Time: 00:06:51

Health: 0/30       AC:  4    Str: 11    XL:     4   Next: 15%
Magic:  7/10       EV: 12    Int: 15    God:
Gold:   163        SH:  0    Dex: 18    Spells: 2/11 levels left

rFire    x . .     SeeInvis .   e - +0 dagger (venom)
rCold    + . .     Faith    .   (no shield)
rNeg     + + +     Spirit   .   a - +0 robe
rPois    ∞         Reflect  .   f - +1 hat
rElec    .         Harm     .   (no cloak)
rCorr    .         Rampage  .   (no gloves)
Will     .....                  g - +0 pair of boots
Stlth    ++........             (no amulet)
HPRegen  0.10/turn              d - +6 ring of dexterity
MPRegen  0.12/turn              (no ring)

@: no status effects
A: cold resistance 1, negative energy resistance 3, torment resistance 2, heat
vulnerability 1, no potions
a: no special abilities


You were on level 3 of the Dungeon.
You visited 1 branch of the dungeon, and saw 4 of its levels.

You collected 163 gold pieces.

Inventory:

Hand Weapons
 e - a +0 dagger of venom (weapon)
Armour
 a - a +0 robe (worn)
 f - a +1 hat (worn)
 g - a +0 pair of boots (worn)
Jewellery
 d - a +6 ring of dexterity (left hand)
Scrolls
 b - 3 scrolls of identify


   Skills:
 + Level 0.1 Fighting
 + Level 1.6 Dodging
 + Level 1.6 Stealth
 + Level 4.1 Spellcasting
 * Level 4.9 Necromancy


You had 2 spell levels left.
You knew the following spells:

 Your Spells              Type           Power      Damage    Failure   Level
a - Pain                  Necr           72%        1d7       2%          1
b - Animate Skeleton      Necr           36%        N/A       2%          1
c - Vampiric Draining     Necr           9%         2d7       7%          3
d - Animate Dead          Necr           9%         N/A       22%         4

Your spell library contained the following spells:

 Spells                   Type           Power      Damage    Failure   Level
 Agony                    Necr           18%        N/A       54%         5
 Summon Hydra             Summ           1%         N/A       100%        7
 Sublimation of Blood     Necr           Unusable   N/A       N/A         2
 Wereblood                Tmut           Unusable   N/A       N/A         2

Dungeon Overview and Level Annotations

Branches:
Dungeon (4/15)
 Temple: D:4-7

Altars:

Annotations:
D:3 Pikel


Innate Abilities, Weirdness & Mutations

You are immune to poison.
Your flesh is cold resistant. (rC+)
You are immune to negative energy. (rN+++)
You are immune to unholy pain and torment.
You are vulnerable to heat. (rF-)
You do not drink.


Message History

You climb upwards.
There is a stone staircase leading down here.
Unknown command.
Casting: Pain (safe; 2% risk of failure)
Confirm with . or Enter, or press ? or * to list all spells.
Okay, then.
Casting: Pain (safe; 2% risk of failure)
Confirm with . or Enter, or press ? or * to list all spells.
You don't know that spell.
Unknown command.
Unknown command.
Casting: Pain (safe; 2% risk of failure)
Confirm with . or Enter, or press ? or * to list all spells.
Aiming: Pain (safe; 2% risk of failure)
Press: ? - help, Shift-Dir - straight line, f - Pikel
Aim: Pikel, wielding a +0 whip of electrocution and wearing a +0 robe (chance to affect: 78%) Pikel writhes in agony.
Pikel barely misses you.
Unknown command.
Unknown command.
Casting: Pain (safe; 2% risk of failure)
Confirm with . or Enter, or press ? or * to list all spells.
Aiming: Pain (safe; 2% risk of failure)
Press: ? - help, Shift-Dir - straight line, f/p - Pikel
Aim: Pikel, wielding a +0 whip of electrocution and wearing a +0 robe (lightly wounded, chance to affect: 78%) Pikel writhes in agony.
Pikel hits you with a +0 whip of electrocution.
You are electrocuted!
Casting: Pain (safe; 2% risk of failure)
Confirm with . or Enter, or press ? or * to list all spells.
Aiming: Pain (safe; 2% risk of failure)
Press: ? - help, Shift-Dir - straight line, f/p - Pikel
Aim: Pikel, wielding a +0 whip of electrocution and wearing a +0 robe (moderately wounded, chance to affect: 78%) Pikel barely resists.
Pikel hits you with a +0 whip of electrocution.
You are electrocuted!
* * * LOW HITPOINT WARNING * * *
As you read the scroll of summoning, it crumbles to dust.
Wisps of shadow whirl around you...
Pikel hits you with a +0 whip of electrocution.
You die...

###############
####<.......>....#
........<........#
####.###########g#
...........# #K#
##########.# #@# #
#.# #r# ####### #
#.# #w# #......
#### #.#
#.##########.####.
...## #.#
#............# #.
###.# #.#
#.)####.###### #.
# #.# #.# #..# #.#
#. ###.#
#.#####..# #.#
#######. ...##
#........# #.#
#.......


You could see Pikel (ally target), a friendly dart slug (summoned), a friendly
goblin (summoned) and a friendly rat (summoned).

Vanquished Creatures
  A worm (D:3)
  6 orcs
  3 endoplasms
  7 giant cockroaches
  7 goblins
  5 hobgoblins
  9 kobolds
  4 quokkas
  6 ball pythons
  4 bats
  7 rats
59 creatures vanquished.

Vanquished Creatures (collateral kills)
  A quokka (D:1)
  A rat (D:1)
2 creatures vanquished.

Grand Total: 61 creatures vanquished

Notes
Turn   | Place    | Note
-------+----------+-------------------------------------------
     0 | D:1      | Malachi the Mummy Necromancer began the quest for the Orb.
     0 | D:1      | Reached XP level 1. HP: 13/13 MP: 4/4
   300 | D:1      | Learned a level 1 spell: Animate Skeleton
   367 | D:1      | Reached XP level 2. HP: 19/19 MP: 3/5
  1056 | D:1      | Reached XP level 3. HP: 24/24 MP: 6/8
  1761 | D:2      | Learned a level 3 spell: Vampiric Draining
  2915 | D:3      | Reached XP level 4. HP: 30/30 MP: 2/10
  3111 | D:3      | Learned a level 4 spell: Animate Dead
  3399 | D:4      | Noticed a lemure
  3399 | D:4      | Noticed a lemure
  3400 | D:4      | Noticed Pikel
  3400 | D:4      | Noticed a lemure
  3489 | D:4      | Noticed a lemure
  3503 | D:3      | Slain by Pikel

Illustrated notes

Levels and vault maps discovered:
D:1:      ncdulo_smallfort, layout_rooms, grunt_decor_mini_mirrors,
          kennysheep_decorative_pillar
D:2:      layout_rooms
D:3:      layout_loops_ring
D:4:      layout_basic, evilmike_ruin_ashenzari, uniq_pikel

Skill      XL: |  1  2  3 |
---------------+----------+-----
Spellcasting   | 3 4 |  4.1
Fighting       | |  0.1
Dodging        | |  1.6
Stealth        | |  1.6
Necromancy     | |  4.9

Action                   |  1- 3 |  4- 6 || total
-------------------------+-------+-------++-------
Melee: Unarmed           |     4 |       ||     4
       Dagger            |       |     1 ||     1
 Cast: Pain              |   100 |    14 ||   114
       Animate Skeleton  |    13 |       ||    13
       Animate Dead      |       |     1 ||     1
  Use: Scroll            |     5 |     1 ||     6
Armor: Robe              |     7 |     1 ||     8
Dodge: Dodged            |    25 |     4 ||    29
